 Dungeon Crawl Stone Soup version 0.30.0-29-ga12c61a403 (webtiles) character file.

Game seed: 11526824533822751070

2 hawla the Firebug (level 1, -6/14 HPs)
             Began as a Meteoran Fire Elementalist on June 8, 2023.
             Mangled by an orc
             ... wielding a +0 flail
              (9 damage)
             ... on level 2 of the Dungeon.
             The game lasted 00:00:54 (81 turns).

hawla the Firebug (Meteoran Fire Elementalist)        Turns: 81, Time: 00:00:55

Health: -6/14      AC:  2    Str:  9    XL:     1   Next: 57%
Magic:  1/5        EV: 12    Int: 16    God:
Gold:   11         SH:  0    Dex: 14    Spells: 4/5 levels left

rFire   . . .        (no weapon)
rCold   . . .        (no shield)
rNeg    . . .        a - +0 robe
rPois   .            (no helmet)
rElec   .            (no cloak)
rCorr   .            (no gloves)
SInv    .            (no boots)
Will    .....        (no amulet)
Stlth   +            (no ring)
HPRegen 0.22/turn    (no ring)
MPRegen 0.09/turn

%: no passive effects
@: about to teleport, weak-willed, glowing
A: sense surroundings 1, otherworldly, glowing, explore regen
a: no special abilities


You were on level 2 of the Dungeon.
You visited 1 branch of the dungeon, and saw 2 of its levels.

You collected 11 gold pieces.

Inventory:

Armour
 a - a +0 robe (worn)
Scrolls
 g - a scroll of magic mapping {unknown}
Potions
 b - a potion of magic
 c - a potion of haste {unknown}
 f - a potion of flight {unknown}


   Skills:
 + Level 2.6 Dodging
 + Level 1.4 Stealth
 + Level 2.7 Spellcasting
 + Level 1.2 Conjurations
 + Level 3.7 Fire Magic


You had 4 spell levels left.
You knew the following spells:

 Your Spells              Type           Power      Damage    Failure   Level
a - Foxfire               Conj/Fire      40%        2x1d6     7%          1

Your spell library contained the following spells:

 Spells                   Type           Power      Damage    Failure   Level
 Scorch                   Fire           28%        2d6       6%          2
 Inner Flame              Hex/Fire       8%         N/A       26%         3
 Volatile Blastmotes      Fire/Tloc      16%        2d11      26%         3
 Flame Wave               Conj/Fire      10%        2d6       56%         4


Dungeon Overview and Level Annotations

Branches:
Dungeon (2/15) Zot: 1118

Altars:


Innate Abilities, Weirdness & Mutations

You passively map a small area around you.
You are easily found by Zot.
You glow in the dark.
You regain HP and MP as you explore.


Message History

The foxfire hits the orc priest.
The orc priest is almost dead.
Unknown command.
Found an escape hatch in the floor.
Your foxfire dissipates!
You see here a scroll labelled TITIBATUNA.
g - a scroll labelled TITIBATUNA A jackal comes into view.
An adder comes into view.
An endoplasm comes into view.
The jackal barks!
You hear a bark!
You hear a shout! x2
A jackal comes into view.
A goblin comes into view. It is wielding a +0 dagger.
The adder hisses angrily.
An orc comes into view. It is wielding a +0 flail.
Found 2 stones.
The jackal closely misses you.
You hit the jackal but do no damage. The jackal barely misses you.
The orc priest hits you with a +0 flail.
You closely miss the jackal. The jackal closely misses you. x2
The jackal bites you. The jackal barely misses you.
A jackal comes into view.
The orc priest hits you with a +0 flail.
The orc misses you.
As you read the scroll labelled OLIHIUGH KAOTU, it crumbles to dust.
The jackal barks!
Magic quickly surges around you.
It was a scroll of vulnerability.
The jackal bites you but does no damage.
The jackal misses you.
An adder comes into view.
The orc priest closely misses you. The orc barely misses you.
The endoplasm closely misses you.
As you read the scroll labelled SUSEOS TYATUMU, it crumbles to dust.
You feel strangely unstable.
It was a scroll of teleportation.
The adder hisses angrily.
The jackal completely misses you. The jackal closely misses you.
The orc priest hits you with a +0 flail.
* * * LOW HITPOINT WARNING * * *
The jackal barely misses you. The orc closely misses you.
The orc hits you with a +0 flail!
Ouch! That really hurt!
You die...

, *# * #..#.##..#*
#..#.##.. ,, ,
###..#.##.# * # , *
* ..........##.# * ,
, #......#..#.#, , ,
#...o.###<..#, ,
*(###.ghJo.#..###.#.
.S.h.Sh@oo.........,
.###>###o..#####.##
........# *, *
####.##.... * #.#
#### , *#.# * * * ,
#.# , , , , ..# , *


You could see an orc priest (weak-willed), 2 adders, 4 orcs, an endoplasm
(weak-willed), 3 jackals and a goblin (weak-willed).

Vanquished Creatures
  A bat (D:2)
  A ball python (D:1)
  A rat (D:1)
3 creatures vanquished.

Vanquished Creatures (others)
  8 foxfires
8 creatures vanquished.

Grand Total: 11 creatures vanquished

Notes
Turn   | Place    | Note
-------+----------+-------------------------------------------
     0 | D:1      | hawla the Meteoran Fire Elementalist began the quest for
                  | the Orb.
     0 | D:1      | Reached XP level 1. HP: 14/14 MP: 5/5
    66 | D:2      | Noticed an orc priest
    81 | D:2      | Mangled by an orc

Illustrated notes

Levels and vault maps discovered:
D:1:      scummos_arrival_star, layout_basic
D:2:      layout_loops_ring, uniq_natasha, uniq_crazy_yiuf_cottage

Action                     || total
---------------------------++-------
  Melee: Unarmed           ||     2
   Cast: Foxfire           ||     6
    Use: Scroll            ||     2
 Armour: Robe              ||     1
  Dodge: Dodged            ||    14
